[Event "Deutsche Schachbundesliga 2010/11"]
[Site "Germany"]
[Date "2011.02.27"]
[Round "11"]
[White "Fridman, Daniel"]
[Black "Warakomski, Tomasz"]
[Result "1-0"]
[ECO "A40"]
[WhiteElo "2645"]
[BlackElo "2468"]
[PlyCount "69"]
[EventDate "2011.??.??"]
[WhiteTeam "Mülheim-Nord"]
[BlackTeam "Delmenhorst"]
[TimeControl "40/6000+30:20/3000+30:900+30"]

1. Nf3 g6 2. d4 Bg7 3. g3 b5 4. Bg2 Bb7 5. Qd3 a6 6. a4 c6 7. Nbd2 d6 8. Nb3
Nd7 9. Bd2 Ngf6 10. Na5 Qb6 11. c4 O-O 12. O-O Rab8 13. b4 c5 14. bxc5 dxc5 15.
Nxb7 Rxb7 16. cxb5 axb5 17. Rfb1 b4 18. a5 Qa7 19. a6 Rb6 20. Ra5 Nb8 21. Rxc5
Qxa6 22. Ne5 b3 23. Nc4 Rb5 24. Rxb5 Qxb5 25. Rxb3 Qa4 26. Nb6 Qa7 27. Bf3 Rd8
28. Qc3 Nfd7 29. Nc8 Qxd4 30. Nxe7+ Kf8 31. Qxd4 Bxd4 32. Nd5 Na6 33. Rd3 Be5
34. Bh6+ Ke8 35. Re3 1-0

[Event "Deutsche Schachbundesliga 2010/11"]
[Site "Germany"]
[Date "2011.02.27"]
[Round "11"]
[White "Golod, Vitali"]
[Black "Luch, Michal"]
[Result "1-0"]
[ECO "E32"]
[WhiteElo "2591"]
[BlackElo "2385"]
[PlyCount "120"]
[EventDate "2011.??.??"]
[WhiteTeam "Mülheim-Nord"]
[BlackTeam "Delmenhorst"]
[TimeControl "40/6000+30:20/3000+30:900+30"]

1. d4 Nf6 2. c4 e6 3. Nc3 Bb4 4. Qc2 O-O 5. a3 Bxc3+ 6. Qxc3 b6 7. Bg5 h6 8.
Bh4 Ba6 9. Nf3 d6 10. e3 Nbd7 11. Be2 c5 12. dxc5 bxc5 13. b4 Qb6 14. b5 Ne4
15. Qc2 Qa5+ 16. Nd2 Bb7 17. f3 Nxd2 18. Qxd2 Qxd2+ 19. Kxd2 d5 20. a4 d4 21.
a5 Rae8 22. b6 a6 23. Rhc1 e5 24. exd4 exd4 25. Bg3 f5 26. Bc7 Re3 27. Bf4 Re6
28. Bd3 g5 29. Bc7 f4 30. Re1 Re3 31. Be4 Bxe4 32. fxe4 Nf6 33. Rxe3 fxe3+ 34.
Kd3 Nd7 35. Bg3 h5 36. b7 h4 37. Bc7 Rf2 38. e5 Kf7 39. Rb1 Rd2+ 40. Ke4 e2 41.
Kd5 Kg6 42. Kd6 Rd1 43. Rb2 e1=Q 44. Kxd7 Rb1 45. Rb6+ Rxb6 46. axb6 d3 47.
b8=Q d2 48. Qg8+ Kh6 49. Qe6+ Kh5 50. Qf7+ Kh6 51. Qf6+ Kh7 52. Qe7+ Kh6 53.
Qd6+ Kh5 54. b7 d1=Q 55. b8=Q Qa4+ 56. Ke7 Qe4 57. Qh8+ Kg4 58. Qe6+ Kf4 59.
Qhf6+ Ke3 60. Qxg5+ Kf2 1-0

[Event "Deutsche Schachbundesliga 2010/11"]
[Site "Germany"]
[Date "2011.02.27"]
[Round "11"]
[White "Hausrath, Daniel"]
[Black "Margraf, Daniel"]
[Result "1-0"]
[ECO "E65"]
[WhiteElo "2537"]
[BlackElo "2264"]
[PlyCount "71"]
[EventDate "2011.??.??"]
[WhiteTeam "Mülheim-Nord"]
[BlackTeam "Delmenhorst"]
[TimeControl "40/6000+30:20/3000+30:900+30"]

1. Nf3 g6 2. g3 Bg7 3. d4 Nf6 4. Bg2 O-O 5. O-O d6 6. b3 Nbd7 7. Bb2 c5 8. c4
a6 9. Nc3 Rb8 10. dxc5 Nxc5 11. Nd4 Ne6 12. Rc1 Bd7 13. Nd5 Nxd5 14. Bxd5 Nxd4
15. Bxd4 Bc6 16. Bxg7 Kxg7 17. Qd4+ Kg8 18. h4 h5 19. Qe4 Bxd5 20. cxd5 Qd7 21.
Rc4 Rbc8 22. Rfc1 Rxc4 23. Rxc4 Re8 24. Qc2 Qb5 25. e4 e6 26. a4 Qa5 27. b4 Qb6
28. dxe6 Rxe6 29. Qc3 Re8 30. Rc7 a5 31. b5 Re5 32. Rc8+ Kh7 33. Kg2 f6 34. Qc4
d5 35. exd5 Qd6 36. Qc7+ 1-0

[Event "Deutsche Schachbundesliga 2010/11"]
[Site "Germany"]
[Date "2011.02.27"]
[Round "11"]
[White "Heberla, Bartlomiej"]
[Black "Vachier-Lagrave, Maxime"]
[Result "1/2-1/2"]
[ECO "A16"]
[WhiteElo "2534"]
[BlackElo "2721"]
[PlyCount "64"]
[EventDate "2011.??.??"]
[WhiteTeam "Delmenhorst"]
[BlackTeam "Mülheim-Nord"]
[TimeControl "40/6000+30:20/3000+30:900+30"]

1. c4 Nf6 2. g3 g6 3. Bg2 Bg7 4. Nc3 O-O 5. Nf3 d5 6. cxd5 Nxd5 7. O-O Nc6 8.
Ng5 e6 9. d3 b6 10. Bd2 Bb7 11. Nf3 Nce7 12. Qc1 Nf5 13. e4 Nxc3 14. Bxc3 Nd4
15. Nxd4 Bxd4 16. Bxd4 Qxd4 17. Qxc7 Ba6 18. e5 Rad8 19. Qxa7 Bxd3 20. Rfe1
Qxb2 21. a4 Bf5 22. a5 bxa5 23. Rxa5 Qd2 24. Raa1 Rd7 25. Qc5 Rfd8 26. h4 Kg7
27. Bf3 h6 28. Rad1 Qb2 29. Rd6 Rxd6 30. exd6 e5 31. Qxe5+ Qxe5 32. Rxe5 Rxd6
1/2-1/2

[Event "Deutsche Schachbundesliga 2010/11"]
[Site "Germany"]
[Date "2011.02.27"]
[Round "11"]
[White "Hoeffer, David"]
[Black "Feygin, Michael"]
[Result "0-1"]
[ECO "C06"]
[WhiteElo "2259"]
[BlackElo "2526"]
[PlyCount "86"]
[EventDate "2011.??.??"]
[WhiteTeam "Delmenhorst"]
[BlackTeam "Mülheim-Nord"]
[TimeControl "40/6000+30:20/3000+30:900+30"]

1. e4 e6 2. d4 d5 3. Nd2 Nf6 4. e5 Nfd7 5. Bd3 c5 6. c3 Nc6 7. Ne2 cxd4 8. cxd4
a5 9. O-O a4 10. Nf3 h6 11. Qd2 Nb6 12. Qf4 Nb4 13. Bb1 Bd7 14. Nc3 Nc4 15. h4
b5 16. h5 Qb6 17. Nd1 Nc6 18. Ne3 Bb4 19. Qg4 a3 20. Nxc4 bxc4 21. Bc2 axb2 22.
Bxb2 O-O 23. Bc1 f5 24. exf6 Rxf6 25. Be3 Qc7 26. Ne5 Nxe5 27. dxe5 Qxe5 28.
Bd4 Qf4 29. Qxf4 Rxf4 30. Be5 Rff8 31. Rab1 Bc5 32. Bg6 Bc6 33. Rb2 d4 34. Rd2
Rfd8 35. Rfd1 c3 36. Rxd4 Bxd4 37. Rxd4 Rxd4 38. Bxd4 Ra3 39. Kf1 Bb5+ 40. Ke1
Rxa2 41. Bxc3 Re2+ 42. Kd1 Rxf2 43. g3 Rh2 0-1

[Event "Deutsche Schachbundesliga 2010/11"]
[Site "Germany"]
[Date "2011.02.27"]
[Round "11"]
[White "Jugelt, Tobias"]
[Black "Landa, Konstantin"]
[Result "0-1"]
[ECO "D31"]
[WhiteElo "2409"]
[BlackElo "2611"]
[PlyCount "92"]
[EventDate "2011.??.??"]
[WhiteTeam "Delmenhorst"]
[BlackTeam "Mülheim-Nord"]
[TimeControl "40/6000+30:20/3000+30:900+30"]

1. d4 d5 2. c4 e6 3. Nc3 Bb4 4. Qb3 c5 5. Bd2 dxc4 6. Qxc4 Qxd4 7. Qxd4 cxd4 8.
Nb5 Bxd2+ 9. Kxd2 Na6 10. Nf3 Nf6 11. Nbxd4 Ne4+ 12. Ke1 f6 13. Nd2 Nxd2 14.
Kxd2 e5 15. Nb5 Ke7 16. e4 Rd8+ 17. Ke3 Be6 18. Bd3 Nb4 19. Bb1 Rac8 20. Nc3
Rd6 21. a3 Nc6 22. Ba2 Nd4 23. Bxe6 Kxe6 24. Rad1 Rb6 25. Rd2 Rb3 26. Rc1 g5
27. f3 Nb5 28. Rdc2 Nxc3 29. bxc3 Rxa3 30. g3 b5 31. Kd2 h5 32. Rf1 Rc4 33. h4
gxh4 34. gxh4 Ra6 35. Rb1 Rd6+ 36. Ke3 a6 37. Rb4 Rc5 38. Rb3 a5 39. Ra2 a4 40.
Rba3 Rd1 41. Rc2 Rb1 42. Raa2 Rc4 43. Kd3 Rb3 44. Ra1 Rc8 45. Kd2 Rg8 46. Ke3
a3 0-1

[Event "Deutsche Schachbundesliga 2010/11"]
[Site "Germany"]
[Date "2011.02.27"]
[Round "11"]
[White "Meyer, Malte"]
[Black "Berelowitsch, Alexander"]
[Result "0-1"]
[ECO "D32"]
[WhiteElo "2348"]
[BlackElo "2574"]
[PlyCount "96"]
[EventDate "2011.??.??"]
[WhiteTeam "Delmenhorst"]
[BlackTeam "Mülheim-Nord"]
[TimeControl "40/6000+30:20/3000+30:900+30"]

1. Nf3 e6 2. c4 d5 3. d4 c5 4. cxd5 exd5 5. Nc3 Nc6 6. Bf4 Nf6 7. e3 c4 8. Be2
Bb4 9. O-O O-O 10. Qc2 Bg4 11. Rfc1 Re8 12. h3 Bh5 13. Nb5 Rc8 14. Qa4 a6 15.
Na7 Nxa7 16. Qxb4 b5 17. g4 Bg6 18. Ne5 a5 19. Qe1 Nc6 20. Nxg6 hxg6 21. Qf1
Ne4 22. Qg2 g5 23. Bh2 Qb6 24. Kh1 Re6 25. Bg1 Rce8 26. f3 Nf6 27. e4 Qd8 28.
e5 Nh7 29. f4 gxf4 30. Rf1 g5 31. h4 Rh6 32. h5 Nf8 33. Bf3 Ne7 34. Qc2 Ne6 35.
Kg2 Nc6 36. Rad1 Nb4 37. Qb1 Qd7 38. Be2 Rc8 39. a3 Nc6 40. Bf3 b4 41. axb4
Nxb4 42. Qf5 Rb8 43. Rd2 Nd3 44. Ra1 Qd8 45. Rxd3 Ng7 46. Rd2 Nxf5 47. gxf5 g4
48. Bxg4 Qg5 0-1

[Event "Deutsche Schachbundesliga 2010/11"]
[Site "Germany"]
[Date "2011.02.27"]
[Round "11"]
[White "Saltaev, Mihail"]
[Black "Ohse, Andreas"]
[Result "1-0"]
[ECO "B70"]
[WhiteElo "2483"]
[BlackElo "2133"]
[PlyCount "81"]
[EventDate "2011.??.??"]
[WhiteTeam "Mülheim-Nord"]
[BlackTeam "Delmenhorst"]
[TimeControl "40/6000+30:20/3000+30:900+30"]

1. e4 c5 2. Nf3 g6 3. d4 cxd4 4. Nxd4 Bg7 5. Nb3 Nc6 6. Nc3 Nf6 7. Be2 O-O 8.
O-O d6 9. Bg5 Be6 10. f4 Na5 11. f5 Bc4 12. Bd3 b5 13. Qe1 Nxb3 14. axb3 Bxd3
15. cxd3 h6 16. Bd2 Qb6+ 17. Be3 Qb7 18. Qg3 Kh7 19. b4 a6 20. Rf3 g5 21. Rff1
Rg8 22. Qh3 g4 23. Qh4 Rh8 24. Rae1 Kg8 25. Kh1 h5 26. Bd4 Rh6 27. Qg5 Kh7 28.
Qh4 Kh8 29. Ne2 Rg8 30. Bc3 Nh7 31. Rc1 Bf6 32. Rc2 Bxc3 33. Rxc3 Nf6 34. Rfc1
Qb6 35. Qg3 h4 36. Qf4 Kh7 37. Rc6 Qb8 38. Rc7 d5 39. Rxe7 Qxf4 40. Nxf4 dxe4
41. dxe4 1-0

[Event "Deutsche Schachbundesliga 2010/11"]
[Site "Germany"]
[Date "2011.02.27"]
[Round "11"]
[White "Bromberger, Stefan"]
[Black "Giri, Anish"]
[Result "1/2-1/2"]
[ECO "B83"]
[WhiteElo "2530"]
[BlackElo "2677"]
[PlyCount "40"]
[EventDate "2011.??.??"]
[WhiteTeam "München"]
[BlackTeam "Emsdetten"]
[TimeControl "40/6000+30:20/3000+30:900+30"]

1. e4 c5 2. Nf3 d6 3. d4 cxd4 4. Nxd4 Nf6 5. Nc3 e6 6. Be2 Be7 7. O-O O-O 8. f4
Nc6 9. Be3 e5 10. Nb3 exf4 11. Bxf4 Be6 12. Kh1 d5 13. e5 Nd7 14. Nxd5 Ndxe5
15. c4 Bg5 16. Bg3 Bh4 17. Bf4 Bg5 18. Bg3 Bh4 19. Bf4 Bg5 20. Bg3 Bh4 1/2-1/2

[Event "Deutsche Schachbundesliga 2010/11"]
[Site "Germany"]
[Date "2011.02.27"]
[Round "11"]
[White "Fiebig, Thomas"]
[Black "Reich, Thomas"]
[Result "1/2-1/2"]
[ECO "D00"]
[WhiteElo "2453"]
[BlackElo "2350"]
[PlyCount "55"]
[EventDate "2011.??.??"]
[WhiteTeam "Emsdetten"]
[BlackTeam "München"]
[TimeControl "40/6000+30:20/3000+30:900+30"]

1. d4 Nf6 2. Nf3 g6 3. Nc3 d5 4. Bf4 Bg7 5. Qd2 Ne4 6. Nxe4 dxe4 7. Ne5 Nd7 8.
Nxd7 Qxd7 9. c3 O-O 10. Bh6 e5 11. Bxg7 Kxg7 12. Rd1 exd4 13. Qxd4+ Qxd4 14.
Rxd4 f5 15. e3 Be6 16. b3 c5 17. Rd1 Rfd8 18. Be2 Rxd1+ 19. Kxd1 Kf6 20. h4 h6
21. Kc2 Rd8 22. g3 Rd6 23. Rb1 Ke5 24. a3 Bd7 25. Rd1 Rxd1 26. Kxd1 Be6 27. Kc2
b6 28. Ba6 1/2-1/2

[Event "Deutsche Schachbundesliga 2010/11"]
[Site "Germany"]
[Date "2011.02.27"]
[Round "11"]
[White "Grandelius, Nils"]
[Black "Meister, Peter"]
[Result "1/2-1/2"]
[ECO "B06"]
[WhiteElo "2500"]
[BlackElo "2446"]
[PlyCount "71"]
[EventDate "2011.??.??"]
[WhiteTeam "Emsdetten"]
[BlackTeam "München"]
[TimeControl "40/6000+30:20/3000+30:900+30"]

1. Nf3 g6 2. d4 Bg7 3. e4 d6 4. Bc4 e6 5. Bb3 Ne7 6. Nbd2 b6 7. Nf1 Bb7 8. Ng3
Nd7 9. c3 h6 10. Qe2 a5 11. Bc4 d5 12. Bb5 c6 13. Bd3 Qc8 14. O-O Ba6 15. c4
dxc4 16. Bxc4 O-O 17. Bf4 Bxc4 18. Qxc4 Qb7 19. Bd6 Rfe8 20. e5 c5 21. dxc5
Nxc5 22. Bxc5 bxc5 23. Ne4 Red8 24. Rfe1 Rd5 25. Nc3 Rd7 26. Qxc5 Rc7 27. Qb5
Qxb5 28. Nxb5 Rc5 29. Nbd4 g5 30. Re4 Ng6 31. Rae1 Rd8 32. Nb3 Rc2 33. Nxa5
Rxb2 34. a4 Rc8 35. g3 Ra2 36. Nb3 1/2-1/2

[Event "Deutsche Schachbundesliga 2010/11"]
[Site "Germany"]
[Date "2011.02.27"]
[Round "11"]
[White "Hector, Jonny"]
[Black "Marcelin, Cyril"]
[Result "1-0"]
[ECO "B19"]
[WhiteElo "2592"]
[BlackElo "2486"]
[PlyCount "64"]
[EventDate "2011.??.??"]
[WhiteTeam "Emsdetten"]
[BlackTeam "München"]
[TimeControl "40/6000+30:20/3000+30:900+30"]

1. e4 c6 2. d4 d5 3. Nd2 dxe4 4. Nxe4 Bf5 5. Ng3 Bg6 6. h4 h6 7. Nf3 Nd7 8. h5
Bh7 9. Bd3 Bxd3 10. Qxd3 e6 11. Bf4 Qa5+ 12. Nd2 Ngf6 13. c4 O-O-O 14. Qe2 c5
15. O-O cxd4 16. Nb3 Qb4 17. Nxd4 e5 18. Bd2 Qxb2 19. Nb5 Bc5 20. Rab1 Qc2 21.
Rfc1 Qa4 22. Nf5 Qa6 23. Be3 e4 24. Bxc5 Nxc5 25. Qe3 Nd3 26. Rd1 Rd7 27. Nxa7+
Kb8 28. Nb5 Rc8 29. Qg3+ Ka8 30. Rb3 Nxh5 31. Qe3 Rxc4 32. Rdxd3 Qxb5 1-0

[Event "Deutsche Schachbundesliga 2010/11"]
[Site "Germany"]
[Date "2011.02.27"]
[Round "11"]
[White "Lentrodt, Thomas"]
[Black "Breder, Dennis"]
[Result "0-1"]
[ECO "D12"]
[WhiteElo "2340"]
[BlackElo "2439"]
[PlyCount "80"]
[EventDate "2011.??.??"]
[WhiteTeam "München"]
[BlackTeam "Emsdetten"]
[TimeControl "40/6000+30:20/3000+30:900+30"]

1. d4 Nf6 2. c4 c6 3. Nf3 d5 4. e3 Bf5 5. Nc3 e6 6. Bd3 Bg6 7. Bxg6 hxg6 8. Qd3
Qa5 9. Bd2 Bb4 10. Nb1 Nbd7 11. a3 Bxd2+ 12. Nbxd2 dxc4 13. Qxc4 Rd8 14. b4 Qf5
15. Rc1 g5 16. Qc2 g4 17. Qxf5 exf5 18. Ne5 Nxe5 19. dxe5 Nd7 20. Nc4 Ke7 21.
f4 gxf3 22. gxf3 Ke6 23. f4 Nb6 24. Nd6 Rd7 25. O-O f6 26. e4 g6 27. exf5+ gxf5
28. Nxb7 Rxb7 29. Rxc6+ Kd5 30. Rxf6 Rg7+ 31. Kh1 Nc4 32. Re1 Rh5 33. e6 Re7
34. Rd1+ Ke4 35. Rd7 Re8 36. e7 Rh7 37. Re6+ Kf3 38. Rd3+ Kf2 39. Rc3 Nd2 40.
Rc2 Rxh2+ 0-1

[Event "Deutsche Schachbundesliga 2010/11"]
[Site "Germany"]
[Date "2011.02.27"]
[Round "11"]
[White "Meissner, Bernd"]
[Black "Pruijssers, Roeland"]
[Result "0-1"]
[ECO "E95"]
[WhiteElo "2401"]
[BlackElo "2483"]
[PlyCount "57"]
[EventDate "2011.??.??"]
[WhiteTeam "München"]
[BlackTeam "Emsdetten"]
[TimeControl "40/6000+30:20/3000+30:900+30"]

1. d4 Nf6 2. c4 g6 3. Nc3 Bg7 4. e4 d6 5. Nf3 O-O 6. Be2 e5 7. O-O Nbd7 8. Re1
exd4 9. Nxd4 Re8 10. Bf1 c6 11. Nc2 Qc7 12. f3 a6 13. Be3 Ne5 14. Qd2 Be6 15.
b3 b5 16. cxb5 axb5 17. Rac1 Qb8 18. Bd4 Ned7 19. Bf2 Ne5 20. Red1 Rd8 21. Nb4
c5 22. Nbd5 Nxd5 23. Nxd5 h6 24. Kh1 Nc6 25. Nf4 Bd7 26. Bg3 Nd4 27. Nd5 Qa7
28. Rxc5 Qxa2 29. Rc7 0-1

[Event "Deutsche Schachbundesliga 2010/11"]
[Site "Germany"]
[Date "2011.02.27"]
[Round "11"]
[White "Renner, Christoph"]
[Black "Janssen, Ruud"]
[Result "1-0"]
[ECO "C54"]
[WhiteElo "2420"]
[BlackElo "2498"]
[PlyCount "91"]
[EventDate "2011.??.??"]
[WhiteTeam "München"]
[BlackTeam "Emsdetten"]
[TimeControl "40/6000+30:20/3000+30:900+30"]

1. e4 e5 2. Nf3 Nc6 3. Bc4 Bc5 4. O-O Nf6 5. d3 a6 6. c3 Ba7 7. Re1 d6 8. Bb3
O-O 9. Bg5 h6 10. Bh4 g5 11. Bg3 Bg4 12. h3 Bd7 13. Nbd2 Qe7 14. Nf1 Rae8 15.
d4 exd4 16. e5 dxe5 17. Nxe5 Qc5 18. Qf3 Re6 19. Bxe6 fxe6 20. Qd3 Be8 21. Nxc6
Qxc6 22. cxd4 Qd7 23. Rad1 Bh5 24. f3 Nd5 25. Qe4 Rf6 26. Be5 Bg6 27. Qe2 Rf7
28. Kh1 Bb6 29. Ne3 Ba5 30. Nxd5 Qxd5 31. Rf1 Qxa2 32. f4 c6 33. fxg5 hxg5 34.
Rxf7 Kxf7 35. Qf3+ Ke8 36. Rf1 Bb4 37. Qf6 Bf5 38. Qh8+ Kd7 39. Qg7+ Ke8 40.
Qxb7 Qc4 41. Qc8+ Ke7 42. Qb7+ Ke8 43. Rf3 a5 44. Kh2 Qc1 45. Qc8+ Ke7 46. d5
1-0

[Event "Deutsche Schachbundesliga 2010/11"]
[Site "Germany"]
[Date "2011.02.27"]
[Round "11"]
[White "Richter, Christian"]
[Black "Graf, Felix"]
[Result "1/2-1/2"]
[ECO "E15"]
[WhiteElo "2392"]
[BlackElo "2341"]
[PlyCount "218"]
[EventDate "2011.??.??"]
[WhiteTeam "Emsdetten"]
[BlackTeam "München"]
[TimeControl "40/6000+30:20/3000+30:900+30"]

1. d4 Nf6 2. Nf3 e6 3. c4 b6 4. g3 Ba6 5. Qa4 Bb7 6. Bg2 c5 7. dxc5 Bxc5 8. O-O
O-O 9. Nc3 Be7 10. Bf4 a6 11. Rfd1 d6 12. Qb4 d5 13. Qa4 b5 14. cxb5 axb5 15.
Qxb5 Ba6 16. Qb3 Nc6 17. Ne5 Nxe5 18. Bxe5 Nd7 19. Bf4 g5 20. Bc1 Bc4 21. Qc2
Qb8 22. Be3 Rc8 23. Qd2 h6 24. f4 Nf6 25. Bd4 gxf4 26. Qxf4 Qxf4 27. gxf4 Nh5
28. e3 Ng7 29. e4 dxe4 30. Bxe4 Ra5 31. Bb6 Bc5+ 32. Bxc5 Raxc5 33. Kf2 f5 34.
Bf3 R5c7 35. Rd2 Kf8 36. Ke3 Ra7 37. Rad1 Ke7 38. Rg1 Ne8 39. Bh5 Kf8 40. Bxe8
Rxe8 41. Rdg2 e5 42. a3 Rd7 43. fxe5 Rd3+ 44. Kf2 Rxe5 45. Rd1 Rh3 46. Rd8+ Kf7
47. Rd4 Be6 48. Kf1 Bc8 49. Rgd2 Rhe3 50. Kf2 Rh3 51. Kf1 Rhe3 52. Rd5 Re8 53.
Rd8 Ba6+ 54. Kf2 Rh3 55. Kg2 Rh4 56. R8d7+ Kf8 57. R2d6 Bc4 58. Rf6+ Kg8 59.
Rg6+ Kh8 60. Kg3 Rh5 61. Rc7 Bb3 62. Rb7 Bc4 63. Rbb6 Kh7 64. Rgc6 Rg8+ 65. Kf3
Bf1 66. Kf2 Bg2 67. Rc7+ Kh8 68. Ke3 Bh1 69. Rf6 Rxh2 70. Rxf5 Re8+ 71. Kd4
Rxb2 72. Rh5 Bg2 73. Rxh6+ Kg8 74. Rg6+ Kf8 75. Rf6+ Kg8 76. Rg6+ Kf8 77. Rg5
Re7 78. Rg8+ Kf7 79. Rg7+ Kxg7 80. Rxe7+ Kf6 81. Re3 Rb6 82. Rg3 Bb7 83. Kc5
Ra6 84. Nb5 Rc6+ 85. Kb4 Ba6 86. a4 Ke7 87. Rg7+ Kd8 88. Rg8+ Kd7 89. Rg7+ Kd8
90. Ka5 Rh6 91. Rg8+ Kd7 92. Ra8 Bxb5 93. axb5 Kc7 94. Ra6 Rh1 95. Ra7+ Kb8 96.
Rf7 Rh6 97. Rf8+ Kb7 98. Rf5 Ka7 99. Kb4 Kb7 100. Kc5 Kb8 101. Rf7 Kc8 102. Rg7
Kb8 103. Kc4 Kc8 104. Kb4 Kb8 105. Ka5 Ka8 106. b6 Rh1 107. Ka6 Ra1+ 108. Kb5
Rb1+ 109. Kc4 Rxb6 1/2-1/2

[Event "Deutsche Schachbundesliga 2010/11"]
[Site "Germany"]
[Date "2011.02.27"]
[Round "11"]
[White "Balogh, Csaba"]
[Black "Tazbir, Marcin"]
[Result "1-0"]
[ECO "C95"]
[WhiteElo "2608"]
[BlackElo "2523"]
[PlyCount "137"]
[EventDate "2011.??.??"]
[WhiteTeam "SC Eppingen"]
[BlackTeam "Griesheim"]
[TimeControl "40/6000+30:20/3000+30:900+30"]

1. e4 e5 2. Nf3 Nc6 3. Bb5 a6 4. Ba4 Nf6 5. O-O Be7 6. Re1 b5 7. Bb3 O-O 8. h3
d6 9. c3 Nb8 10. d4 Nbd7 11. Nbd2 Bb7 12. Bc2 Re8 13. Nf1 Bf8 14. Ng3 g6 15.
Bg5 h6 16. Bd2 Bg7 17. a4 c6 18. Qc1 Kh7 19. Bd3 Qe7 20. Qc2 Kg8 21. b3 Nf8 22.
dxe5 dxe5 23. b4 N6d7 24. c4 bxc4 25. Bxc4 Ne6 26. Rad1 c5 27. bxc5 Qxc5 28.
Bxh6 Nb6 29. Bxg7 Kxg7 30. Bb3 Qxc2 31. Bxc2 Nc5 32. Rb1 Nc4 33. Rec1 Rac8 34.
Rb4 Nd6 35. Bd1 a5 36. Rb6 Ncxe4 37. Rxc8 Bxc8 38. Nxe4 Nxe4 39. Bc2 Nc3 40.
Rc6 Nd5 41. Rc5 Nb4 42. Bb3 e4 43. Ng5 e3 44. fxe3 Rxe3 45. Bxf7 Bf5 46. g4 Bd7
47. Rxa5 Kf6 48. Bc4 Bc6 49. Nh7+ Ke7 50. Ra7+ Kd6 51. Ng5 Ra3 52. a5 Ke5 53.
Kh2 Kf4 54. Ne6+ Ke5 55. Nf8 g5 56. a6 Rc3 57. Re7+ Kf6 58. Rf7+ Ke5 59. Bf1
Rc2+ 60. Kg1 Ra2 61. Rf5+ Kd4 62. Ne6+ Ke3 63. Rxg5 Nc2 64. Re5+ Kf3 65. Re2
Kg3 66. a7 Bf3 67. Rf2 Be4 68. Nc5 Bg6 69. Ba6 1-0

[Event "Deutsche Schachbundesliga 2010/11"]
[Site "Germany"]
[Date "2011.02.27"]
[Round "11"]
[White "Braun, Arik"]
[Black "Grabarczyk, Miroslaw"]
[Result "1/2-1/2"]
[ECO "D35"]
[WhiteElo "2538"]
[BlackElo "2475"]
[PlyCount "121"]
[EventDate "2011.??.??"]
[WhiteTeam "SC Eppingen"]
[BlackTeam "Griesheim"]
[TimeControl "40/6000+30:20/3000+30:900+30"]

1. d4 d5 2. c4 e6 3. Nc3 Nf6 4. cxd5 exd5 5. Bg5 c6 6. e3 Bf5 7. Qf3 Bg6 8.
Bxf6 Qxf6 9. Qxf6 gxf6 10. h4 h5 11. Nh3 Bd6 12. g3 Nd7 13. Nf4 Ke7 14. f3 Nf8
15. Kf2 Ne6 16. Rd1 f5 17. Bd3 Kf6 18. Rb1 a5 19. Rhc1 Rhe8 20. Na4 Re7 21. a3
Rd8 22. Nc3 Kg7 23. Re1 Ra8 24. Rbc1 Rae8 25. Bb1 Nf8 26. Na4 Ne6 27. Nd3 Ra8
28. Rc3 Rae8 29. Rcc1 Ra8 30. Nac5 Kf6 31. f4 Kg7 32. Ba2 Nf8 33. Ne5 Nh7 34.
Bb1 Nf6 35. Kg2 Bh7 36. Bd3 Ne4 37. Na4 Rg8 38. Nf3 Kh6 39. Bxe4 fxe4 40. Nd2
Bf5 41. Kf2 Kg7 42. Rc3 Ra8 43. Rec1 Kf6 44. Nb3 Ra7 45. Nb6 Ra6 46. Na4 Ra7
47. R3c2 Kg7 48. Kg2 Kf8 49. Rd2 Kg7 50. Nbc5 Bc7 51. Rdc2 Kf8 52. Kf2 Kg7 53.
Ke1 Kf8 54. Nc3 Bd6 55. Na2 Kg7 56. Na4 Kf8 57. Rb1 Kg7 58. N4c3 a4 59. Nb4 Re8
60. Nca2 Rea8 61. Kf2 1/2-1/2

[Event "Deutsche Schachbundesliga 2010/11"]
[Site "Germany"]
[Date "2011.02.27"]
[Round "11"]
[White "Geske, Julian"]
[Black "Medvegy, Zoltan"]
[Result "1/2-1/2"]
[ECO "B19"]
[WhiteElo "2364"]
[BlackElo "2531"]
[PlyCount "58"]
[EventDate "2011.??.??"]
[WhiteTeam "Griesheim"]
[BlackTeam "SC Eppingen"]
[TimeControl "40/6000+30:20/3000+30:900+30"]

1. e4 c6 2. d4 d5 3. Nc3 dxe4 4. Nxe4 Bf5 5. Ng3 Bg6 6. h4 h6 7. Nf3 Nd7 8. h5
Bh7 9. Bd3 Bxd3 10. Qxd3 e6 11. Bf4 Bb4+ 12. c3 Be7 13. O-O-O Qa5 14. Kb1 Ngf6
15. Ne5 Rd8 16. Nc4 Qb5 17. Nd6+ Bxd6 18. Qxb5 cxb5 19. Bxd6 Nb8 20. Be5 O-O
21. Bxf6 gxf6 22. Ne4 f5 23. Nc5 b6 24. Nd3 Kg7 25. Ne5 Rd5 26. Kc2 Rc8 27. a3
Nc6 28. Nxc6 Rxc6 29. f4 Kf6 1/2-1/2

[Event "Deutsche Schachbundesliga 2010/11"]
[Site "Germany"]
[Date "2011.02.27"]
[Round "11"]
[White "Grabarczyk, Bogdan"]
[Black "Ruck, Robert"]
[Result "1/2-1/2"]
[ECO "E54"]
[WhiteElo "2448"]
[BlackElo "2555"]
[PlyCount "44"]
[EventDate "2011.??.??"]
[WhiteTeam "Griesheim"]
[BlackTeam "SC Eppingen"]
[TimeControl "40/6000+30:20/3000+30:900+30"]

1. e4 c6 2. d4 d5 3. exd5 cxd5 4. c4 Nf6 5. Nc3 e6 6. Nf3 Bb4 7. Bd3 O-O 8. O-O
dxc4 9. Bxc4 b6 10. Bg5 Bb7 11. Ne5 Bxc3 12. bxc3 Nbd7 13. Nxd7 Qxd7 14. Bxf6
gxf6 15. Qg4+ Kh8 16. Qh4 Qd8 17. d5 Bxd5 18. Bxd5 exd5 19. Rad1 Rc8 20. Rd3 f5
21. Qd4+ f6 22. Rfd1 Re8 1/2-1/2

[Event "Deutsche Schachbundesliga 2010/11"]
[Site "Germany"]
[Date "2011.02.27"]
[Round "11"]
[White "Guliyev, Namig"]
[Black "Bulski, Krzysztof"]
[Result "1/2-1/2"]
[ECO "C83"]
[WhiteElo "2510"]
[BlackElo "2459"]
[PlyCount "96"]
[EventDate "2011.??.??"]
[WhiteTeam "SC Eppingen"]
[BlackTeam "Griesheim"]
[TimeControl "40/6000+30:20/3000+30:900+30"]

1. e4 e5 2. Nf3 Nc6 3. Bb5 a6 4. Ba4 Nf6 5. O-O Nxe4 6. d4 b5 7. Bb3 d5 8. dxe5
Be6 9. c3 Be7 10. Re1 O-O 11. Nd4 Nxd4 12. cxd4 Bb4 13. Re2 f5 14. Nd2 Kh8 15.
f3 Ng5 16. Nf1 f4 17. Bd2 Bxd2 18. Qxd2 Bf5 19. Qxf4 Bd3 20. Qe3 Bxe2 21. Qxe2
Ne6 22. Rd1 c6 23. g3 Qb6 24. Qe3 g5 25. Kg2 Ra7 26. Rd3 a5 27. Bd1 Rd7 28. Qd2
c5 29. dxc5 Nxc5 30. e6 Nxe6 31. Rxd5 Rxd5 32. Qxd5 Rf6 33. Bc2 Qc5 34. Qe4 Nf8
35. Bd3 Re6 36. Qb7 Qd4 37. Qxb5 Rb6 38. Qf5 Qxb2+ 39. Bc2 Rf6 40. Qd3 g4 41.
f4 Re6 42. Nd2 a4 43. Qc4 Re1 44. Qc5 Kg7 45. Qc7+ Kg8 46. Qc4+ Kg7 47. Qc7+
Kg8 48. Qc4+ Kg7 1/2-1/2

[Event "Deutsche Schachbundesliga 2010/11"]
[Site "Germany"]
[Date "2011.02.27"]
[Round "11"]
[White "Mista, Aleksander"]
[Black "Berkes, Ferenc"]
[Result "1/2-1/2"]
[ECO "B19"]
[WhiteElo "2574"]
[BlackElo "2678"]
[PlyCount "111"]
[EventDate "2011.??.??"]
[WhiteTeam "Griesheim"]
[BlackTeam "SC Eppingen"]
[TimeControl "40/6000+30:20/3000+30:900+30"]

1. e4 c6 2. d4 d5 3. Nd2 dxe4 4. Nxe4 Bf5 5. Ng3 Bg6 6. h4 h6 7. Nf3 Nd7 8. h5
Bh7 9. Bd3 Bxd3 10. Qxd3 e6 11. Bd2 Ngf6 12. O-O-O Be7 13. Kb1 O-O 14. Ne4 Nxe4
15. Qxe4 Nf6 16. Qe2 Qd5 17. Ne5 Qe4 18. Qxe4 Nxe4 19. Be3 Rfd8 20. g4 Rac8 21.
f3 Nf6 22. c4 Nd7 23. f4 b5 24. Rc1 Nb6 25. d5 exd5 26. cxb5 d4 27. Bf2 c5 28.
Nc6 Rd7 29. b4 cxb4 30. Nxe7+ Rxe7 31. Rxc8+ Nxc8 32. Re1 Rxe1+ 33. Bxe1 Nd6
34. Bxb4 Nxb5 35. Kc2 g6 36. f5 gxf5 37. gxf5 Nc7 38. Bc5 a6 39. Bxd4 Nd5 40.
Kb3 Nf4 41. Kb4 Nxh5 42. Ka5 Ng3 43. f6 Kf8 44. Kxa6 Ke8 45. a4 Kd7 46. Kb7 Ne4
47. a5 Nd6+ 48. Kb8 Nb5 49. Be5 Kc6 50. Kc8 h5 51. a6 h4 52. Kd8 h3 53. Ke7 Nc3
54. Kxf7 Nd5 55. Ke6 Nxf6 56. Kxf6 1/2-1/2